 Dungeon Crawl Stone Soup version 0.31-a0-590-g8a5a4361df (webtiles) character file.

Game seed: 11885651208022587612

40 dialectric the Sneak (level 3, 0/24 HPs)
             Began as an Octopode Brigand on Aug 19, 2023.
             Slain by Terence
             ... wielding a +0 mace
              (7 damage)
             ... on level 2 of the Dungeon.
             The game lasted 00:00:58 (826 turns).

dialectric the Sneak (Octopode Brigand)              Turns: 826, Time: 00:01:00

Health: 0/24       AC:  1    Str: 12    XL:     3   Next: 50%
Magic:  3/3        EV:  9    Int: 13    God:
Gold:   73         SH:  0    Dex: 13    Spells: 2/2 levels left

rFire   . . .        a - +2 dagger
rCold   . . .        (no shield)
rNeg    . . .        (helmet restricted)
rPois   .            (no amulet)
rElec   .            (no ring)
rCorr   .            (no ring)
SInv    .            (no ring)
Will    .....        (no ring)
Stlth   ++++         (no ring)
HPRegen 0.24/turn    (no ring)
MPRegen 0.08/turn    (no ring)
                     (no ring)

%: no passive effects
@: constricted
A: almost no armour, amphibious, 8 rings, camouflage 1, gelatinous body 1,
(nimble swimmer 1), tentacles
a: no special abilities


You were on level 2 of the Dungeon.
You visited 1 branch of the dungeon, and saw 2 of its levels.

You collected 73 gold pieces.

Inventory:

Hand Weapons
 a - a +2 dagger (weapon)
Missiles
 b - 9 poisoned darts
 c - 3 curare-tipped darts (quivered)
Jewellery
 d - a +6 ring of dexterity
Scrolls
 f - a scroll of identify {unknown}
Potions
 e - a potion of curing {unknown}


   Skills:
 + Level 2.0 Fighting
 + Level 2.0 Short Blades
 + Level 2.0 Throwing
 + Level 1.0 Dodging
 * Level 7.1 Stealth


You had 2 spell levels left.
You didn't know any spells.
Your spell library contained the following spells:

 Spells                   Type           Power      Damage    Failure   Level
 Inner Flame              Hex/Fire       0%         N/A       67%         3
 Flame Wave               Conj/Fire      0%         2d4       97%         4
 Sticky Flame             Conj/Fire      0%         2d3       97%         4


Dungeon Overview and Level Annotations

Branches:
Dungeon (2/15)

Altars:

Annotations:
D:2 Terence


Innate Abilities, Weirdness & Mutations

You cannot wear most types of armour.
You are amphibious.
You can wear up to eight rings at the same time.
Your skin changes colour to match your surroundings (Stealth+).
Your rubbery body absorbs attacks. (AC +1, EV +1)
((You are camouflaged when in or above water. (Stealth+)))
You have tentacles for arms and can constrict up to eight enemies at once.


Message History

Terence is lightly wounded.
Terence completely misses you.
You closely miss Terence. Your grab misses Terence.
Terence is lightly wounded.
Terence misses you.
You barely miss Terence. You grab Terence.
Terence is lightly wounded.
You constrict Terence, but do no damage.
The ball python misses you. The ball python closely misses you.
Terence hits you with a +0 mace!
You are too injured to fight recklessly!
You are too injured to fight recklessly!
You are too injured to fight recklessly!
You are too injured to fight recklessly!
You are too injured to fight recklessly!
You are too injured to fight recklessly!
You are too injured to fight recklessly!
Unknown command.
You hit Terence but do no damage. You squeeze Terence.
Terence is moderately wounded.
You constrict Terence, but do no damage.
The ball python barely misses you. The ball python grabs you.
The ball python constricts you.
You hit Terence.
Terence is heavily wounded.
You constrict Terence, but do no damage.
The ball python barely misses you. The ball python constricts you.
Terence completely misses you.
You hit Terence but do no damage.
Terence is heavily wounded.
You constrict Terence, but do no damage.
The ball python bites you but does no damage.
The ball python constricts you. Terence closely misses you.
You hit Terence but do no damage. You squeeze Terence!
Terence is almost dead.
You constrict Terence. The ball python bites you.
The ball python constricts you.
* * * LOW HITPOINT WARNING * * *
Terence hits you with a +0 mace!
You die...

#####.##### #.#
##.## #...#
#...# #...#
#...# #...#
#.@.# #@S.#
.......
...........
...............
.####.)...#####
#.###.# #. .#


You could see Terence and a ball python.

Vanquished Creatures
  2 dart slugs (D:1)
  A bat (D:1)
  5 endoplasms (D:1)
  A giant cockroach (D:1)
  4 goblins (D:1)
  3 hobgoblins (D:1)
  3 jackals (D:2)
  4 kobolds
  4 ball pythons
  A frilled lizard (D:1)
  2 rats (D:1)
30 creatures vanquished.

Notes
Turn   | Place    | Note
-------+----------+-------------------------------------------
     0 | D:1      | dialectric the Octopode Brigand began the quest for the
                  | Orb.
     0 | D:1      | Reached XP level 1. HP: 14/14 MP: 1/1
   192 | D:1      | Reached XP level 2. HP: 13/19 MP: 2/2
   229 | D:1      | Reached skill level 6 in Stealth
   366 | D:1      | Reached XP level 3. HP: 24/24 MP: 3/3
   608 | D:1      | Found a faded altar of an unknown god.
   660 | D:1      | Reached skill level 7 in Stealth
   816 | D:2      | Noticed Terence
   826 | D:2      | Slain by Terence

Illustrated notes

Levels and vault maps discovered:
D:1:      ebering_trefoil_twist, layout_basic,
          shapermc_ecumenical_altar_hornbeckon
D:2:      layout_loops_cross, kennysheep_generic_room_15, uniq_terence

Skill      XL: |  1  2  3 |
---------------+----------+-----
Stealth        | 6 7 |  7.1
Fighting       | |  2.0
Short Blades   | |  2.0
Throwing       | |  2.0
Dodging        | |  1.0

Action                     || total
---------------------------++-------
  Melee: Dagger            ||    48
         Tentacles         ||     7
         Constrict         ||     3
         Punch             ||     1
   Stab: Sleeping          ||    15
 Armour: Skin              ||     2
  Dodge: Dodged            ||    16

Table legend: (Time is in decaauts)
 A = Elapsed time spent in this place.
 B = Non-inter-level travel time spent in this place.
 C = Inter-level travel time spent in this place.
 D = Time resting spent in this place.
 E = Time spent auto-exploring this place.
 F = Levels seen in this place.
 G = Mean time per level.
                   A        B        C        D        E       F      G
               +--------+--------+--------+--------+--------+-----+--------+
         Total |    821 |    821 |      0 |      0 |    627 |   2 |  410.5 |
       Dungeon |    821 |    821 |      0 |      0 |    627 |   2 |  410.5 |
               +--------+--------+--------+--------+--------+-----+--------+

Top non-repeatable levels by time:
     D:1: 681 daAuts
     D:2: 139 daAuts
